 Dungeon Crawl Stone Soup version 0.27.1-34-g3ba077fa99 (webtiles) character file.

Game seed: 9389610037909872964

80 growler the Gusty (level 4, -4/24 HPs)
             Began as a Tengu Air Elementalist on Jan 24, 2022.
             Slain by an orc (9 damage)
             ... on level 3 of the Dungeon.
             The game lasted 00:04:15 (3035 turns).

growler the Gusty (Tengu Air Elementalist)          Turns: 3035, Time: 00:04:16

Health: -4/24      AC:  2    Str:  9    XL:     4   Next: 39%
Magic:  9/9        EV: 12    Int: 16    God:
Gold:   61         SH:  0    Dex: 14    Spells: 2/8 levels left

rFire    . . .     SeeInvis .   (no weapon)
rCold    . . .     Faith    .   (no shield)
rNeg     . . .     Spirit   .   a - +0 robe
rPois    .         Reflect  .   (helmet restricted)
rElec    .         Harm     .   (no cloak)
rCorr    .         Rampage  .   (no gloves)
Will     .....                  (boots unavailable)
Stlth    ++........             (no amulet)
HPRegen  0.08/turn              (no ring)
MPRegen  0.11/turn              (no ring)

@: no status effects
A: beak, talons 3
a: no special abilities


You were on level 3 of the Dungeon.
You visited 1 branch of the dungeon, and saw 3 of its levels.

You collected 61 gold pieces.

Inventory:

Armour
 a - a +0 robe (worn)
Jewellery
 g - an amulet of reflection
   (You found it on level 2 of the Dungeon)
Scrolls
 c - 3 scrolls of identify {@r1}
 d - a scroll of vulnerability {unknown}
 e - a scroll of fog {unknown}
 f - a scroll of summoning {unknown}
 h - a scroll of torment {unknown}
Potions
 b - 2 potions of haste {@q3}
 i - a potion of magic
 j - a potion of brilliance


   Skills:
 - Level 2.1 Dodging
 - Level 2.0 Stealth
 + Level 2.9 Spellcasting
 + Level 3.2 Conjurations
 + Level 5.1 Air Magic


You had 2 spell levels left.
You knew the following spells:

 Your Spells              Type           Power      Damage    Failure   Level
a - Shock                 Conj/Air       60%        1d6       3%          1
d - Static Discharge      Conj/Air       15%        N/A       5%          2
s - Swiftness             Air            18%        N/A       7%          3

Your spell library contained the following spells:

 Spells                   Type           Power      Damage    Failure   Level
 Airstrike                Air            9%         N/A       22%         4


Dungeon Overview and Level Annotations

Branches:
Dungeon (3/15)

Altars:
Cheibriados


Innate Abilities, Weirdness & Mutations

You have a beak for a mouth.
You have claws for feet.


Message History

You feel stronger.
A rat comes into view.
You hit the rat. You claw the rat.
You kill the rat!
No target in view!
Things that are here:
a +0 falchion; a +0 ring mail; an orc corpse An orc comes into view.
It is wielding a +0 trident.
An orc is nearby!
Found a snail-covered altar of Cheibriados.
No target in view!
No target in view!
An orc comes into view. It is wielding a +0 flail.
The orc moves out of view.
The orc shouts! x2
The orc closely misses you.
The orc drinks a potion.
The orc suddenly seems more resistant.
You hit the orc but do no damage. The orc barely misses you.
You hit the orc but do no damage. The orc hits you with a +0 trident!
The air crackles with electrical energy.
The orc misses you. The orc barely misses you.
The orc is struck by an arc of lightning.
You are struck by an arc of lightning.
The lightning grounds out.
The orc closely misses you. The orc hits you with a +0 flail!
* * * LOW HITPOINT WARNING * * *
The air crackles with electrical energy.
The orc misses you. The orc barely misses you.
Unknown command.
You don't know that spell.
A blue arc grounds itself harmlessly.
The orc hits you but does no damage. The orc hits you with a +0 flail.
* * * LOW HITPOINT WARNING * * *
The orc misses you. The orc misses you.
Things that are here:
a +0 falchion; a +0 ring mail; an orc corpse
There is a stone staircase leading up, spattered with blood here.
You climb upwards.
There is a stone staircase leading down here.
You start resting.
You start resting.
You climb downwards.
The orc hits you from afar with a +0 trident.
The orc hits you with a +0 flail!
* * * LOW HITPOINT WARNING * * *
The orc closely misses you. The orc hits you with a +0 flail!
* * * LOW HITPOINT WARNING * * *
There is a stone staircase leading up, spattered with blood here.
The orc hits you with a +0 trident!
You die...

### ##.## .#
##...## #.#
##...<.## #.#
##....@o.## #.#
#..>.o[...# ##.##
##........###...##
##.....#.##.....#
##...##.###...###.#
##.###...........#
#.# ######o######
##.## #.# ##...#
##'##


You could see 2 orcs.

Vanquished Creatures
  An orc priest (D:3)
  2 dart slugs (D:1)
  3 orcs (D:2)
  4 bats
  3 endoplasms (D:1)
  A giant cockroach (D:2)
  3 goblins (D:1)
  A hobgoblin (D:1)
  5 jackals
  3 quokkas (D:1)
  5 ball pythons
  2 frilled lizards (D:1)
  2 kobolds (D:1)
  6 rats
41 creatures vanquished.

Notes
Turn   | Place    | Note
-------+----------+-------------------------------------------
     0 | D:1      | growler the Tengu Air Elementalist began the quest for the
                  | Orb.
     0 | D:1      | Reached XP level 1. HP: 10/10 MP: 4/4
   133 | D:1      | Reached XP level 2. HP: 15/15 MP: 0/6
   136 | D:1      | Learned a level 2 spell: Static Discharge
   553 | D:1      | Reached XP level 3. HP: 19/19 MP: 2/7
  1367 | D:2      | Learned a level 3 spell: Swiftness
  2632 | D:3      | Reached skill level 5 in Air Magic
  2632 | D:3      | Reached XP level 4. HP: 13/24 MP: 2/9
  2765 | D:3      | Found a snail-covered altar of Cheibriados.
  3035 | D:3      | Slain by an orc

Illustrated notes

Levels and vault maps discovered:
D:1:      dpeg_arrival_leaves_temple_mockup, layout_basic, hangedman_decor_push,
          minmay_tiny_reverse_x
D:2:      layout_rooms
D:3:      layout_loops_corners, mainiacjoe_overflow_catwalk,
          mainiacjoe_overflow_boulevard, uniq_purgy, uniq_natasha

Skill      XL: |  1  2  3 |
---------------+----------+-----
Conjurations   | 2 3 |  3.2
Air Magic      | 5 |  5.1
Dodging        | |  2.1
Stealth        | |  2.0
Spellcasting   | |  2.9

Action                   |  1- 3 |  4- 6 || total
-------------------------+-------+-------++-------
Melee: Unarmed           |     8 |     3 ||    11
       Kick              |     1 |     1 ||     2
       Peck              |     1 |       ||     1
 Cast: Shock             |    60 |       ||    60
       Static Discharge  |     7 |     4 ||    11
  Use: Scroll            |     3 |       ||     3
Armor: Robe              |     3 |     1 ||     4
Dodge: Dodged            |    11 |    10 ||    21
